 Dungeon Crawl Stone Soup version 0.12.2-14-g7c90c79 (webtiles) character file.

314 MarVin the Chopper (level 5, 0/42 HPs)
             Began as a Demonspawn Fighter on Aug 5, 2013.
             Slain by a slave (8 damage)
             ... led by Pikel
             ... on Level 4 of the Dungeon.
             The game lasted 00:15:21 (3401 turns).

MarVin the Chopper (Demonspawn Fighter)             Turns: 3401, Time: 00:15:21

HP   0/42        AC  7     Str 17      XL: 5   Next: 17%
MP   4/4         EV  5     Int 12      God:
Gold 154         SH 18     Dex 13      Spells:  0 memorised,  4 levels left

Res.Fire  : . . .   See Invis. : .   u - +0 orc hand axe
Res.Cold  : . . .   Warding    : .   b - +0 scale mail
Life Prot.: . . .   Conserve   : .   c - +0 shield
Res.Poison: .       Res.Corr.  : .   (no helmet)
Res.Elec. : .       Clarity    : .   (no cloak)
Sust.Abil.: . .     Spirit.Shd : .   i - +0 pair of gloves
Res.Mut.  : .       Stasis     : .   (no boots)
Res.Rott. : .       Ctrl.Telep.: .   (no amulet)
Saprovore : + . .   Flight     : .   (no ring)
                                     l - +3 ring of intelligence

@: slightly resistant to hostile enchantments, extremely unstealthy
A: saprovore 1
a: no special abilities


You were on level 4 of the Dungeon.
You were not hungry.

You visited 1 branch of the dungeon, and saw 4 of its levels.

You collected 134 gold pieces.

Inventory:

Hand weapons
 a - a +0,+0 hand axe {=f}
 p - a +0 blowgun
 u - a +0,+0 orcish hand axe (weapon)
Missiles
 q - 15 poisoned needles
Armour
 b - a +0 scale mail (worn)
 c - a +0 shield (worn)
 i - a +0 pair of gloves (worn)
 o - a +2 scale mail
Comestibles
 d - a bread ration
 r - a meat ration
 t - a chunk of giant gecko flesh
Scrolls
 f - 3 scrolls of fear {unknown}
 j - a scroll of teleportation {unknown}
 m - 2 scrolls of identify {unknown}
 n - a scroll of enchant armour {unknown}
 v - a scroll of enchant weapon I {unknown}
 w - a scroll of noise {unknown}
Jewellery
 l - a +3 ring of intelligence (left hand)
Potions
 e - 2 potions of flight {unknown}
 g - 2 potions of restore abilities {unknown}
 h - 3 potions of curing
 k - a potion of gain dexterity {unknown}
 s - a potion of heal wounds {unknown}


   Skills:
 - Level 3.2 Fighting
 + Level 4.4 Axes
 - Level 3.0 Armour
 - Level 3.0 Shields


You had 4 spell levels left.
You didn't know any spells.

Dungeon Overview and Level Annotations

Branches:
Dungeon (4/27)
 Temple: D:4-7

Altars:
Sif Muna
the Shining One

Annotations
D:3 Pikel


Innate Abilities, Weirdness & Mutations

You can tolerate rotten meat.


Message History

The slave is severely wounded.
The slave hits you.
* * * LOW HITPOINT WARNING * * *
You closely miss the slave.
The slave is severely wounded.
The slave hits you.
* * * LOW HITPOINT WARNING * * *
You hit the slave but do no damage.
The slave is severely wounded.
The slave hits you but does no damage.
You hit the slave.
The slave is almost dead.
The slave barely misses you.
You hit the slave but do no damage.
The slave is almost dead.
You block the slave's attack.
You hit the slave.
The slave is almost dead.
You block the slave's attack. The slave hits you!
You die...

#...# #... ##...#
#... #....######
#..........
##...######
#...### # #.....#
# ######
##.....####
#@@sl###..........
####s.....########
#......# #)s....#
#......#
#.........
#.........#
#.......!.#
..........#


You could see a slave, a giant gecko and 2 giant cockroaches.

Vanquished Creatures
  A slave (D:4)
  An orc priest (D:3)
  5 adders
  2 giant mites
  A worm (D:1)
  5 giant geckos
  4 orcs
  10 bats
  2 giant cockroaches (D:1)
  8 hobgoblins
  2 jackals (D:1)
  5 giant newts
  8 goblins
  5 kobolds
  7 rats
66 creatures vanquished.

Vanquished Creatures (others)
  A kobold (D:2)
1 creature vanquished.

Grand Total: 67 creatures vanquished

Notes
Turn   | Place    | Note
--------------------------------------------------------------
     0 | D:1      | MarVin, the Demonspawn Fighter, began the quest for the Orb.
     0 | D:1      | Reached XP level 1. HP: 18/18 MP: 0/0
   286 | D:1      | Gained mutation: You can tolerate rotten meat. [demonic ancestry]
   286 | D:1      | Reached XP level 2. HP: 16/24 MP: 1/1
   874 | D:2      | Reached XP level 3. HP: 21/30 MP: 2/2
  1405 | D:2      | Found a glowing golden altar of the Shining One.
  1460 | D:2      | Found a deep blue altar of Sif Muna.
  1515 | D:2      | Reached XP level 4. HP: 28/36 MP: 3/3
  2320 | D:3      | Reached skill level 4 in Axes
  2641 | D:3      | Reached XP level 5. HP: 39/42 MP: 4/4
  2729 | D:4      | Noticed Pikel
  2732 | D:4      | Noticed a slave
  2732 | D:4      | Noticed a slave
  2733 | D:4      | Noticed an ogre
  3032 | D:4      | Noticed a slave
  3063 | D:4      | Killed a slave
  3401 | D:4      | Slain by a slave

Action                   |  1- 3 |  4- 6 || total
-------------------------+-------+-------++-------
Melee: Hand axe          |   171 |   154 ||   325
Throw: Javelin           |       |    17 ||    17
  Use: Potion            |       |     2 ||     2
